 Dungeon Crawl Stone Soup version 0.29.0-13-gc9e81de378 (webtiles) character file.

Game seed: 12894128110126738882

123 masschaos23 the Covered (level 5, -5/41 HPs)
             Began as a Human Fighter on Sept 7, 2022.
             Slain by a gnoll
             ... wielding a +0 flail
              (7 damage)
             ... on level 3 of the Dungeon.
             The game lasted 00:20:14 (3082 turns).

masschaos23 the Covered (Human Fighter)             Turns: 3082, Time: 00:20:37

Health: -5/41      AC:  9    Str: 19    XL:     5   Next: 28%
Magic:  5/5        EV:  7    Int:  8    God:
Gold:   132        SH:  4    Dex: 12    Spells: 4/4 levels left

rFire   . . .      SeeInvis .   a - +0 rapier
rCold   . . .      Faith    .   c - +0 buckler
rNeg    . . .      Spirit   .   g - +0 chain mail
rPois   .          Reflect  .   (no helmet)
rElec   .          Harm     .   (no cloak)
rCorr   .          Rampage  .   (no gloves)
Will    .....                   (no boots)
Stlth   ..........              (no amulet)
HPRegen 0.13/turn               (no ring)
MPRegen 0.09/turn               (no ring)

@: no status effects
A: no striking features
a: no special abilities


You were on level 3 of the Dungeon.
You visited 1 branch of the dungeon, and saw 3 of its levels.

You collected 132 gold pieces.

Inventory:

Hand Weapons
 a - a +0 rapier (weapon)
 e - a +0 dagger
 i - a +0 club
 n - a +0 whip
 o - a +0 club
 A - a +0 short sword
Missiles
 x - 3 poisoned darts
 B - 5 stones (quivered)
 C - 5 boomerangs
Armour
 b - a +0 scale mail
 c - a +0 buckler (worn)
 g - a +0 chain mail (worn)
 h - a +0 chain mail
 p - a +0 ring mail
 r - a +0 ring mail
Scrolls
 f - a scroll of vulnerability {unknown}
 j - a scroll of brand weapon {unknown}
 k - 2 scrolls of enchant armour {unknown}
 l - a scroll of teleportation {unknown}
 u - a scroll of blinking {unknown}
 v - a scroll of amnesia {unknown}
 w - a scroll of identify {unknown}
 y - a scroll of enchant weapon {unknown}
 z - a scroll of poison {unknown}
Potions
 m - a potion of haste {unknown}
 q - a potion of curing {unknown}
 s - a potion of cancellation {unknown}
 t - a potion of ambrosia {unknown}


   Skills:
 + Level 3.3 Fighting
 + Level 2.7 Short Blades
 + Level 4.2 Armour
 + Level 1.1 Dodging
 + Level 3.6 Shields


You had 4 spell levels left.
You didn't know any spells.
Your spell library was empty.

Dungeon Overview and Level Annotations

Branches:
Dungeon (3/15)

Altars:

Shops:
D:3 ?

Annotations:
D:3 Ijyb


Message History

The hound barely misses you. The hound bites you but does no damage.
The rat twitches its whiskers.
You closely miss the hound.
The hound is almost dead.
The hound bites you. You block the hound's attack.
You puncture the hound!
You kill the hound!
You have reached level 5!
You barely miss the rat. The rat bites you but does no damage.
You puncture the rat!
You kill the rat!
You feel a little less mighty now.
Items here: ))) †††.
Things that are here:
a +0 war axe; a +0 ring mail You now have 132 gold pieces (gained 17).
You open the door.
There is an open door here.
You open the large door. 3 gnolls come into view.
The gnoll shouts! x2; You hear a shout!
Ijyb the Twisted Goblin comes into view.
She is wielding a +0 club and carrying a wand of light (9).
Found a robe.
There is a large open door here.
The gnoll hits you with a +0 club. The gnoll barely misses you.
There is a large open door, spattered with blood here.
The gnoll attacks as you move away! The gnoll hits you with a +0 club.
You block the gnoll's attack.
You barely miss the gnoll. The gnoll hits you with a +0 club.
You block the gnoll's attack.
You closely miss the gnoll. The gnoll barely misses you.
You hit the gnoll but do no damage. You block the gnoll's attack.
The gnoll barely misses you. The gnoll hits you but does no damage.
You barely miss the gnoll. The gnoll hits you with a +0 club.
The gnoll hits you with a +0 flail.
* * * LOW HITPOINT WARNING * * *
The gnoll hits you from afar with a +0 spear.
* * * LOW HITPOINT WARNING * * *
You block the gnoll's attack. The gnoll hits you with a +0 flail!
You die...

#.#..# #.#... #.#..#
#.##.. #.#..####.####
#.#..........##
#.##...#.......
#.##...#.......
#.##...#.......
###########.##...#g.[....
......#......'..@gg......
#####.#.###.##..g##......
#.#..........# ######
#.#.########.##...###
#.#.#.....)).........
#.#.##.#####........#
#.#.##.# #.........
#.#.##.# #.##...#..
#......#####.# ...# .


You could see Ijyb and 3 gnolls.

Vanquished Creatures
  A hound (D:3)
  An orc priest (D:3)
  An adder (D:2)
  2 dart slugs
  4 orcs (D:3)
  2 bats (D:2)
  An endoplasm (D:1)
  3 giant cockroaches
  7 goblins
  3 hobgoblins
  4 kobolds
  2 quokkas
  5 ball pythons
  2 frilled lizards
  9 rats
47 creatures vanquished.

Notes
Turn   | Place    | Note
-------+----------+-------------------------------------------
     0 | D:1      | masschaos23 the Human Fighter began the quest for the Orb.
     0 | D:1      | Reached XP level 1. HP: 18/18 MP: 1/1
   352 | D:1      | Reached XP level 2. HP: 2/24 MP: 2/2
   858 | D:1      | Reached XP level 3. HP: 29/29 MP: 3/3
  2471 | D:2      | Reached XP level 4. HP: 22/35 MP: 4/4
  2536 | D:2      | Found a faded altar of an unknown god.
  2854 | D:3      | Found Puppa's Magic Scroll Shop.
  2982 | D:3      | Reached skill level 4 in Armour
  2982 | D:3      | Reached skill level 1 in Dodging
  3001 | D:3      | Reached XP level 5. HP: 14/41 MP: 5/5
  3074 | D:3      | Noticed Ijyb
  3082 | D:3      | HP: 2/41 [gnoll/+0 spear (5)]
  3082 | D:3      | Slain by a gnoll

Illustrated notes

Levels and vault maps discovered:
D:1:      psy_arrival_dodecagon, layout_basic, minmay_misc_feat_tiny,
          minmay_misc_feat_plants
D:2:      layout_basic, basic_ecumenical_altar, grunt_decor_mini_mirrors
D:3:      layout_basic, serial_shops, shop_scrolls, shop_scrolls,
          nicolae_shop_bloodbath_and_beyond, uniq_ijyb

Skill      XL: |  1  2  3  4 |
---------------+-------------+-----
Armour         | 4 |  4.2
Dodging        | 1 |  1.1
Fighting       | |  3.3
Short Blades   | |  2.7
Shields        | |  3.6

Action                   |  1- 3 |  4- 6 || total
-------------------------+-------+-------++-------
Melee: Rapier            |    49 |    34 ||    83
       Dagger            |   130 |    12 ||   142
Throw: Stone             |     3 |       ||     3
  Use: Scroll            |     1 |       ||     1
       Potion            |       |     1 ||     1
Armor: Chain mail        |   101 |    19 ||   120
Dodge: Dodged            |    53 |     8 ||    61
Block: Buckler           |    32 |    17 ||    49
